 Dungeon Sprint DCSS version 0.29.1-2-gbd0b4ee654 (webtiles) character file.

Game seed: 16743175809632768382

2270 Groucho the Unseen (level 9, -1/43 HPs)
             Began as a Spriggan Enchanter on Nov 4, 2022.
             Slain by a yaktaur (12 damage)
             ... in the Dungeon (Sprint II: "The Violet Keep of Menkaure").
             The game lasted 00:04:04 (574 turns).

Groucho the Unseen (Spriggan Enchanter)              Turns: 574, Time: 00:04:05

Health: -1/43      AC:  1    Str:  8    XL:     9   Next: 16%
Magic:  11/21      EV: 23    Int: 16    God:
Gold:   537        SH:  0    Dex: 16    Spells: 15/26 levels left

rFire   . . .      SeeInvis +   a - +1 dagger
rCold   . . .      Faith    .   (no shield)
rNeg    . . .      Spirit   .   b - +0 robe
rPois   +          Reflect  .   (helmet restricted)
rElec   .          Harm     .   (no cloak)
rCorr   .          Rampage  .   (gloves unavailable)
Will    +....      NoTele   +   (boots unavailable)
Stlth   ++++++....              (no amulet)
HPRegen 0.14/turn               e - ring of flight
MPRegen 0.17/turn               j - ring of poison resistance

@: flying, unable to read, very quick
A: very small, no large weapons, unfitting armour, see invisible, speed 3,
deformed body, frail 1, low MP 1, inability to read after injury 1
a: no special abilities


You were in the Dungeon.
You visited 1 branch You collected 972 gold pieces.
You spent 435 gold pieces at shops.

Inventory:

Hand Weapons
 a - a +1 dagger (weapon)
Armour
 b - a +0 robe (worn)
Jewellery
 e - a ring of flight (left hand)
 j - a ring of poison resistance (right hand)
Scrolls
 i - a scroll of blinking
 k - a scroll of summoning {unknown}
Potions
 c - a potion of invisibility
 f - a potion of haste
 g - 2 potions of magic
 h - a potion of berserk rage


   Skills:
 + Level 6.0 Fighting
 + Level 8.2 Short Blades
 + Level 10.0 Dodging
 * Level 16.5 Stealth
 + Level 9.3 Spellcasting
 * Level 13.0 Hexes


You had 15 spell levels left.
You knew the following spells:

 Your Spells              Type           Power      Damage    Failure   Level
a - Ensorcelled Hibernat  Hex/Ice        56%        N/A       1%          2
b - Confusing Touch       Hex            49%        N/A       1%          3
c - Dazzling Flash        Conj/Hex       56%        N/A       1%          3
d - Tukima's Dance        Hex            49%        N/A       1%          3

Your spell library contained the following spells:

 Spells                   Type           Power      Damage    Failure   Level


Dungeon Overview and Level Annotations

Branches:
Dungeon (1/1)

Altars:
Cheibriados
Dithmenos
Elyvilon
Fedhas
Gozag
Hepliaklqana
Kikubaaqudgha
Makhleb
Nemelex Xobeh
Okawaru
Qazlal
Ru
Sif Muna
Trog
Uskayaw
Vehumet
Wu Jian
Xom
Yredelemnul
Zin
The Shining One
Jiyva
Lugonu

Shops:
D :(!![(===?*::![

Annotations:
D exclusion: oklob plant


Innate Abilities, Weirdness & Mutations

You are very small and have problems with some larger weapons.
You are too small for most types of armour.
You have supernaturally acute eyesight. (SInv)
You cover ground extremely quickly. (Speed+++)
Armour fits poorly on your strangely shaped body.
You are frail. (-10% HP)
Your magical capacity is low. (-10% MP)
You occasionally lose the ability to read scrolls when taking damage.


Message History

The polar bear claws itself but does no damage.
The polar bear closely misses itself.
The helpless hornet fails to defend itself.
You skewer the hornet like a kebab!!!!
You kill the hornet!
Unknown command.
Unknown command.
You strike the helpless polar bear from behind!
You spit the polar bear like a pig!!!
You kill the polar bear!
Your Short Blades skill increases to level 8!
Your Stealth skill increases to level 16!
Your Spellcasting skill increases to level 9!
You have reached level 9!
Your experience leads to an increase in your attributes!
Increase (S)trength, (I)ntelligence, or (D)exterity?
You feel stronger. x2
Unknown command.
Unknown command.
You catch the helpless polar bear completely off-guard!
You skewer the polar bear like a kebab!!!
You kill the polar bear!
Your Fighting skill increases to level 6!
Your Dodging skill increases to level 10!
Your Hexes skill increases to level 13!
Unknown command.
You feel better.
You can read scrolls again.
The polar bear closely misses you. The polar bear claws you. x2
* * * LOW HITPOINT WARNING * * *
Casting: Ensorcelled Hibernation (safe; 1% risk of failure)
Confirm with . or Enter, or press ? or * to list all spells.
Aiming: Ensorcelled Hibernation (safe; 1% risk of failure)
Press: ? - help, Shift-Dir - straight line, f - yaktaur
Aim: a yaktaur, wielding a +0 arbalest (lightly wounded, chance to affect: 41%)
The yaktaur resists with some effort.
The polar bear completely misses you. The polar bear closely misses you.
The polar bear barely misses you.
The yaktaur unwields a +0 arbalest.
The yaktaur hits you!
You feel threatened and lose the ability to read scrolls!
You die... ..)####..## #..# $# $$! #'###.##..# +^.# .# [)) #.##.#.#..# #..# .# )!?)

.<.'###'..####..##.#▓[?$(
#.##.#.#...§###...##▓▓▓▓▓
#'###.##.§.§..~~~~~~~~~~~
#.#####~§§....~#'########
†#..#~~~~~~~..~#hc_._._.#
.#.##~~~~~~~~.~#@_._._..#
#+##~~~≈§§~~§~~#_._._._.#
~ ~~§~~§§§§~~~#._._._._#
+# ''#~≈≈§§§≈≈~#.._._._.#
. #≈≈§###§§#..._._._#
#§≈#...._._.#
#§§#....._._#
§≈≈#########


You could see a polar bear and a yaktaur.

Vanquished Creatures
  A merfolk siren (D)
  2 polar bears (D)
  A hornet (D)
  A blink frog (D)
  2 wyverns (D)
  4 neqoxecs (D)
  A water moccasin (D)
  4 scorpions (D)
16 creatures vanquished.

Vanquished Creatures (others)
  Menkaure (D)
  A water moccasin (D)
2 creatures vanquished.

Grand Total: 18 creatures vanquished

Notes
Turn   | Place    | Note
-------+----------+-------------------------------------------
     0 | D        | Groucho the Spriggan Enchanter began the quest for the Orb.
     0 | D        | Reached XP level 1. HP: 9/9 MP: 5/5
     1 | D        | Noticed a neqoxec
     1 | D        | Gained mutation: Armour fits poorly on your strangely
                  | shaped body. [a neqoxec]
     7 | D        | Noticed a neqoxec
     8 | D        | Gained mutation: You are frail. (-10% HP) [a neqoxec]
    23 | D        | Killed a neqoxec
    23 | D        | Gained mutation: Your magical capacity is low. (-10% MP) [a
                  | neqoxec]
    24 | D        | Reached skill level 5 in Dodging
    24 | D        | Reached skill level 8 in Stealth
    24 | D        | Reached XP level 2. HP: 9/14 MP: 4/7
    24 | D        | Reached XP level 3. HP: 11/17 MP: 5/9
    24 | D        | Reached XP level 4. HP: 13/20 MP: 5/10
    25 | D        | Killed a neqoxec
    26 | D        | Reached skill level 10 in Stealth
    26 | D        | Reached skill level 5 in Spellcasting
    26 | D        | Reached XP level 5. HP: 17/25 MP: 5/12
    26 | D        | Found Tustripla's Assorted Antiques.
    26 | D        | Found Bujut's Book Shoppe.
    26 | D        | Noticed a neqoxec
    27 | D        | Found Nudueli Egha's Book Shoppe.
    27 | D        | Found Teamergh's Jewellery Emporium.
    27 | D        | Found Nerufos's Jewellery Shoppe.
    27 | D        | Found Voabukla's Antique Weapon Emporium.
    27 | D        | Found Bayhowk's Antique Armour Shoppe.
    27 | D        | Found Niokhlicw's Magic Scroll Emporium.
    28 | D        | Found Gimisuh's Distillery.
    28 | D        | Found Azuax's Jewellery Shoppe.
    28 | D        | Noticed a neqoxec
    32 | D        | Found Seoschearph's Antique Armour Emporium.
    32 | D        | Found Diblamp's Distillery.
    33 | D        | Killed a neqoxec
    34 | D        | Reached skill level 5 in Short Blades
    34 | D        | Reached skill level 11 in Stealth
    34 | D        | Reached XP level 6. HP: 20/29 MP: 5/14
    45 | D        | Learned a level 2 spell: Ensorcelled Hibernation
    49 | D        | Learned a level 3 spell: Confusing Touch
    53 | D        | Learned a level 3 spell: Dazzling Flash
    57 | D        | Learned a level 3 spell: Tukima's Dance
    71 | D        | Gained mutation: You occasionally lose the ability to read
                  | scrolls when taking damage. [a neqoxec]
    75 | D        | Killed a neqoxec
    76 | D        | Reached skill level 12 in Stealth
    76 | D        | Reached XP level 7. HP: 26/33 MP: 7/16
   117 | D        | Killed Menkaure
   217 | D        | Noticed a merfolk siren
   234 | D        | Killed a merfolk siren
   235 | D        | Reached skill level 13 in Stealth
   235 | D        | Reached skill level 10 in Hexes
   410 | D        | Noticed a wyvern
   410 | D        | Noticed a wyvern
   413 | D        | Killed a wyvern
   414 | D        | Reached skill level 14 in Stealth
   416 | D        | Killed a wyvern
   417 | D        | Reached skill level 5 in Fighting
   417 | D        | Reached XP level 8. HP: 38/38 MP: 19/19
   436 | D        | Reached skill level 15 in Stealth
   449 | D        | Found Kahel's Distillery.
   449 | D        | Found Piuwnihu's Antique Weapon Emporium.
   449 | D        | Noticed a cane toad
   450 | D        | Noticed a cane toad
   450 | D        | Noticed an oklob plant
   460 | D        | Found Kot Lafin's Book Shoppe.
   469 | D        | Bought a ring of flight for 175 gold pieces
   470 | D        | Noticed a hell hog
   479 | D        | Bought a ring of poison resistance for 260 gold pieces
   510 | D        | Noticed a blink frog
   512 | D        | Killed a blink frog
   540 | D        | Found a hazy altar of Hepliaklqana.
   540 | D        | Found a snail-covered altar of Cheibriados.
   541 | D        | Found a stormy altar of Qazlal.
   541 | D        | Found a viscous altar of Jiyva.
   541 | D        | Found a shadowy altar of Dithmenos.
   542 | D        | Found a sacrificial altar of Ru.
   542 | D        | Found an ancient bone altar of Kikubaaqudgha.
   542 | D        | Found a white marble altar of Elyvilon.
   543 | D        | Found an ornate altar of the Wu Jian Council.
   543 | D        | Found a shimmering blue altar of Sif Muna.
   543 | D        | Found a corrupted altar of Lugonu.
   544 | D        | Found a shimmering altar of Xom.
   544 | D        | Found a bloodstained altar of Trog.
   544 | D        | Found a burning altar of Makhleb.
   545 | D        | Found a glowing golden altar of the Shining One.
   545 | D        | Found a basalt altar of Yredelemnul.
   545 | D        | Found a hide-covered altar of Uskayaw.
   547 | D        | Found a glowing silver altar of Zin.
   547 | D        | Found a radiant altar of Vehumet.
   547 | D        | Found a blossoming altar of Fedhas.
   547 | D        | Found a sparkling altar of Nemelex Xobeh.
   547 | D        | Noticed a hornet
   547 | D        | Noticed a polar bear
   548 | D        | Found an opulent altar of Gozag.
   548 | D        | Found an iron altar of Okawaru.
   548 | D        | Noticed a yaktaur
   549 | D        | Noticed a polar bear
   553 | D        | Noticed a polar bear
   570 | D        | Killed a hornet
   571 | D        | Killed a polar bear
   572 | D        | Reached skill level 16 in Stealth
   572 | D        | Reached XP level 9. HP: 13/43 MP: 13/20
   572 | D        | Killed a polar bear
   573 | D        | Reached skill level 10 in Dodging
   574 | D        | Slain by a yaktaur

Illustrated notes

Levels and vault maps discovered:
D:        the_violet_keep_of_menkaure [sprint2_stairs_cluster_1,
          sprint2_shoproom, sprint2_temple, sprint2_basic_supplies,
          sprint2_obstacle_1, sprint2_obstacle_4, sprint2_obstacle_2,
          sprint2_obstacle_3, sprint2_obstacle_5, sprint2_timed_cluster_1,
          sprint2_smallroom_cluster_1, sprint2_smallroom_final_cluster_1,
          sprint2_transparent_cluster_1, sprint2_second_timed_cluster_1,
          sprint2_sniper_area_1, sprint2_heavy_combat_area_1,
          sprint2_mutation_trap_area_1, sprint2_forest_area_1,
          sprint2_light_combat_area_1, sprint2_behind_water_1,
          sprint2_near_end_vault_1]

Skill      XL: |  1  2  3  4  5  6  7  8  9 |
---------------+----------------------------+-----
Fighting       | 2 3 4 5 6 |  6.0
Short Blades   | 3 4 5 7 8 |  8.2
Dodging        | 5 6 7 8 9 10 | 10.0
Stealth        | 8 10 11 12 14 16 | 16.5
Spellcasting   | 4 5 6 8 9 |  9.3
Hexes          | 6 8 9 11 12 13 | 13.0

Action                   |  1- 3 |  4- 6 |  7- 9 || total
-------------------------+-------+-------+-------++-------
Melee: Dagger            |    18 |     7 |    30 ||    55
 Cast: Confusing Touch   |       |     1 |     3 ||     4
       Ensorcelled Hiber |       |       |     6 ||     6
  Use: Potion            |     1 |       |     2 ||     3
 Stab: Invisible         |     4 |     3 |       ||     7
       Confused          |       |     1 |     4 ||     5
       Sleeping          |       |       |     9 ||     9
Armor: Robe              |       |       |     1 ||     1
Dodge: Dodged            |     7 |     2 |    24 ||    33
